General information
- name: BNet
- type: Ladder team game (AT/RT)
- host: Battle.net
- saver: CarryMe!
map: GolemsInTheMist
- players: 8
- length: 07:47
- speed: Fast
- version: 1.28 W3XP
- replay type: Public
» download(70 KB)
Players
team 1 (winner)
KartoffelKnolle (
purple | 56 APM | 434 actions | 07:47)
2 Blademaster
1 Wind Walk
1 Critical Strike
» actions
| Build / train | 22 | |
| Enter build submenu | 9 | |
| Enter hero's abilities submenu | 2 | |
| Remove unit from queue | 1 | |
| Right click | 265 | |
| Select / deselect | 123 | |
| Use ability | 12 | |
434 total
» units
» buildings
| Altar of Storms | 1 | |
| Orc Burrow | 5 | |
| Barracks | 1 | |
| Voodoo Lounge | 1 | |
| Stronghold | 2 | |
| Fortress | 1 | |
| Spirit Lodge | 1 | |
12 total
» build order
00:15 Altar of Storms
00:17 Orc Burrow
00:39 Barracks
01:36 Orc Burrow
02:00 Voodoo Lounge
02:57 Stronghold
02:57 Stronghold
03:46 Orc Burrow
06:35 Fortress
06:38 Spirit Lodge
06:40 Orc Burrow
07:31 Orc Burrow

»
russianmaster12 (
blue | 54 APM | 422 actions | 07:47)
2 Blood Mage
1 Flame Strike
1 Banish
» actions
| Assign group hotkey | 15 | |
| Basic commands | 6 | |
| Build / train | 34 | |
| Enter build submenu | 14 | |
| Enter hero's abilities submenu | 2 | |
| Right click | 144 | |
| Select / deselect | 103 | |
| Select group hotkey | 76 | |
| Use ability | 28 | |
422 total
» units
| Peasant | 11 | |
| Footman | 8 | |
| Goblin Shredder | 3 | |
22 total
» buildings
| Farm | 3 | |
| Altar of Kings | 1 | |
| Barracks | 1 | |
| Town Hall | 1 | |
| Arcane Vault | 1 | |
| Lumber Mill | 1 | |
| Keep | 3 | |
| Blacksmith | 1 | |
| Scout Tower | 3 | |
| Arcane Sanctum | 2 | |
17 total
» build order
00:07 Farm
00:09 Altar of Kings
00:22 Barracks
00:47 Farm
01:54 Farm
03:23 Town Hall
03:47 Arcane Vault
03:49 Lumber Mill
05:20 Keep
05:20 Keep
05:21 Keep
05:42 Blacksmith
05:48 Scout Tower
05:52 Scout Tower
05:54 Scout Tower
07:43 Arcane Sanctum
07:46 Arcane Sanctum
» items
uboat76 (
orange | 35 APM | 270 actions | 07:47)
2 Death Knight
1 Death Coil
1 Death Pact
» actions
| Build / train | 18 | |
| Enter build submenu | 11 | |
| Enter hero's abilities submenu | 2 | |
| Give item / drop item | 1 | |
| Right click | 166 | |
| Select / deselect | 57 | |
| Use ability | 15 | |
270 total
» units
| Acolyte | 3 | |
| Ghoul | 3 | |
| Crypt Fiend | 3 | |
| Obsidian Statue | 1 | |
10 total
» upgrades
» buildings
| Ziggurat | 4 | |
| Altar of Darkness | 1 | |
| Crypt | 1 | |
| Graveyard | 1 | |
| Tomb of Relics | 1 | |
| Halls of the Dead | 1 | |
| Black Citadel | 1 | |
| Slaughterhouse | 2 | |
| Sacrificial Pit | 1 | |
13 total
» build order
00:10 Ziggurat
00:12 Altar of Darkness
00:38 Crypt
01:07 Graveyard
01:21 Ziggurat
01:47 Tomb of Relics
03:06 Halls of the Dead
04:28 Ziggurat
05:32 Black Citadel
05:35 Slaughterhouse
05:39 Sacrificial Pit
06:19 Ziggurat
07:33 Slaughterhouse
» items

»
100pro.mexiko (
yellow | 60 APM | 464 actions | 07:47)
3 Death Knight
2 Death Coil
1 Unholy Aura
» actions
| Assign group hotkey | 11 | |
| Build / train | 25 | |
| Enter build submenu | 9 | |
| Enter hero's abilities submenu | 3 | |
| Right click | 251 | |
| Select / deselect | 86 | |
| Select group hotkey | 60 | |
| Use ability | 19 | |
464 total
» units
| Acolyte | 2 | |
| Ghoul | 3 | |
| Crypt Fiend | 6 | |
11 total
» upgrades
» buildings
| Graveyard | 1 | |
| Crypt | 1 | |
| Ziggurat | 3 | |
| Altar of Darkness | 1 | |
| Tomb of Relics | 1 | |
| Halls of the Dead | 2 | |
| Black Citadel | 2 | |
11 total
» build order
00:36 Graveyard
00:39 Crypt
00:43 Ziggurat
01:07 Altar of Darkness
01:22 Tomb of Relics
02:14 Ziggurat
04:10 Halls of the Dead
04:10 Halls of the Dead
04:48 Ziggurat
07:34 Black Citadel
07:34 Black Citadel
» items
| Rod of Necromancy | 2 | |
| Healing Salve | 1 | |
3 total
team 2 (loser)

»
D34d (
red | 41 APM | 266 actions | 06:27)
2 Blood Mage
1 Flame Strike
1 Siphon Mana
» actions
| Build / train | 29 | |
| Enter build submenu | 13 | |
| Enter hero's abilities submenu | 2 | |
| Right click | 109 | |
| Select / deselect | 94 | |
| Use ability | 19 | |
266 total
» units
» buildings
| Farm | 5 | |
| Altar of Kings | 1 | |
| Barracks | 1 | |
| Blacksmith | 1 | |
| Scout Tower | 2 | |
| Arcane Tower | 2 | |
| Town Hall | 1 | |
| Lumber Mill | 1 | |
| Arcane Vault | 1 | |
15 total
» build order
00:09 Farm
00:47 Altar of Kings
00:52 Barracks
01:48 Farm
01:52 Blacksmith
02:13 Farm
02:15 Scout Tower
02:25 Farm
02:52 Arcane Tower
04:29 Farm
04:35 Town Hall
04:47 Lumber Mill
05:08 Scout Tower
05:20 Arcane Vault
05:45 Arcane Tower
» items
| Scroll of Regeneration | 1 | |
| Lesser Clarity Potion | 1 | |
2 total

»
REDISDOGSH1T (
green | 57 APM | 348 actions | 06:05)
1 Blood Mage
1 Flame Strike
» actions
| Basic commands | 4 | |
| Build / train | 24 | |
| Enter build submenu | 5 | |
| Enter hero's abilities submenu | 1 | |
| Remove unit from queue | 3 | |
| Right click | 170 | |
| Select / deselect | 116 | |
| Use ability | 25 | |
348 total
» units
» buildings
| Altar of Kings | 1 | |
| Farm | 3 | |
| Town Hall | 1 | |
| Keep | 1 | |
6 total
» build order
00:25 Altar of Kings
00:32 Farm
01:08 Farm
03:38 Town Hall
03:54 Farm
04:29 Keep

»
Braunvieh (
pink | 31 APM | 196 actions | 06:19)
1 Keeper of the Grove
1 Force of Nature
» actions
| Assign group hotkey | 1 | |
| Build / train | 19 | |
| Enter build submenu | 9 | |
| Enter hero's abilities submenu | 1 | |
| Right click | 85 | |
| Select / deselect | 68 | |
| Use ability | 13 | |
196 total
» units
» upgrades
| Strength of the Wild | 1 | |
| Reinforced Hides | 1 | |
2 total
» buildings
| Moon Well | 4 | |
| Altar of Elders | 1 | |
| Tree of Ages | 3 | |
| Hunter's Hall | 1 | |
| Tree of Eternity | 1 | |
| Ancient of Lore | 2 | |
12 total
» build order
00:13 Moon Well
00:46 Altar of Elders
01:14 Moon Well
02:41 Tree of Ages
02:41 Tree of Ages
02:42 Tree of Ages
02:45 Hunter's Hall
03:23 Moon Well
03:52 Moon Well
05:11 Tree of Eternity
05:13 Ancient of Lore
05:15 Ancient of Lore
CarryMe! (
teal | 25 APM | 197 actions | 07:47)
» actions
| Basic commands | 8 | |
| Build / train | 24 | |
| Enter build submenu | 15 | |
| Remove unit from queue | 1 | |
| Right click | 48 | |
| Select / deselect | 62 | |
| Use ability | 39 | |
197 total
» units
» upgrades
» buildings
| Farm | 25 | |
| Scout Tower | 9 | |
| Lumber Mill | 1 | |
| Arcane Tower | 1 | |
| Guard Tower | 4 | |
| Keep | 1 | |
41 total
» build order
00:51 Farm
00:53 Farm
00:55 Farm
00:57 Farm
00:58 Farm
00:59 Farm
01:00 Farm
01:02 Farm
01:03 Farm
01:04 Farm
01:05 Farm
01:06 Farm
01:08 Farm
01:13 Farm
01:14 Farm
01:15 Farm
01:16 Farm
01:17 Farm
01:17 Farm
01:20 Farm
01:21 Farm
01:22 Farm
01:24 Farm
01:25 Farm
01:25 Farm
01:35 Scout Tower
01:46 Lumber Mill
02:06 Arcane Tower
02:25 Scout Tower
02:28 Scout Tower
02:41 Scout Tower
03:07 Scout Tower
03:15 Guard Tower
03:59 Guard Tower
04:01 Guard Tower
04:05 Guard Tower
05:03 Keep
05:57 Scout Tower
05:58 Scout Tower
06:01 Scout Tower
06:07 Scout Tower
Chat log
(00:16 / Allies) D34d: mk riflemen
(00:22 / Allies) Braunvieh: keeper bears
(01:15 / Allies) REDISDOGSH1T: i fe
(01:50 / Allies) REDISDOGSH1T: we ve got a troll
(01:59 / Allies) Braunvieh: ?
(02:05 / Allies) REDISDOGSH1T: this cunt
(02:25 / Allies) REDISDOGSH1T: hopefully he dies of cancer soon
(02:48 / Allies) D34d: will go blodmage to fe too
(02:50 / Allies) D34d: mk 2nd
(02:52 / Allies) Braunvieh: fast tk him and take exe
(03:04 / Allies) Braunvieh: green come
(03:05 / Allies) D34d: let him play chill
(05:25 / Allies) CarryMe!: was about to help you too lol
(05:26 / Allies) CarryMe!: what a cunt
(05:31 / Allies) REDISDOGSH1T: WITH UR PEONS
(05:31 / Allies) REDISDOGSH1T: YE
(05:34 / Allies) REDISDOGSH1T: FUCKING NIGGER
(05:50 / Allies) CarryMe!: eat shit raging nerd
(05:55 / Allies) REDISDOGSH1T: U SO DEAD
(05:56 / Allies) REDISDOGSH1T: NIGGER
(06:03 / Allies) REDISDOGSH1T: WILL FIND U AND MURDER UR WHORE MOTHER
(06:08 / All) Braunvieh: i hate jews like u teal
(06:09 / Allies) CarryMe!: lol
(06:15 / All) Braunvieh: teal is a jew
(06:17 / All) Braunvieh: gg
(06:24 / All) CarryMe!: I'm making art
(06:31 / All) KartoffelKnolle: ? :D
(06:34 / All) KartoffelKnolle: teamkill?
(06:46 / All) CarryMe!: he tried to flame strike me so I surrounded his hero and kileld it with 6 militia
(06:50 / All) CarryMe!: I was making a big swastika
(06:55 / All) russianmaster12: so fun
(06:57 / All) russianmaster12: brb gonna laugh
(06:59 / All) CarryMe!: he straight teched on edge and got mad at me lol
(07:23 / All) KartoffelKnolle: lel
(07:31 / All) CarryMe!: He whispering me rage comments now
(07:42 / All) KartoffelKnolle: :D
(07:42 / All) CarryMe!: gg noo allies
(07:46 / All) CarryMe!: noob*